cohdb
Replays
Latest Replays
All Replays
Popular Replays
Top Player Replays
Match Explorer
How It Works
Community
CoH3 Stats
Reddit
Sign in to upload your games and track your stats! →
Sign in with Steam
Match 38348701
Unlisted
Match 38348701
Overview
Messages
Build Orders
End
Panzergrenadier Squad
Selects Italian Infantry
250 Light Carrier
Panzergrenadier Squad
Construct Light Support Kompanie
MG34 Team
2.5-tonne Medical Truck
Fire Support Elements
Veteran Squad Leaders
Selects Guastatori Squad
Flakvierling Half-track
Guastatori Squad
Vehicle Survival Package
Construct Panzerarmee Kommand
Walking Stuka Rocket Launcher
Emergency Repair Kits
Panzer III L Medium Tank
Selects Defensive Operations
Selects Prepared Positions
Selects Obice 305mm Barrage
Selects Registered Artillery
Obice 305mm Barrage
Rapid Advance
Armored Reserves
Selects Towed Cannone da 105/28 Field Howitzer
Registered Artillery
Obice 305mm Barrage
Registered Artillery
Tiger Heavy Tank
鸡鲲球长
한국사람
新年辞旧喜洋洋
Saloblev
STALKER4732
AHOIENMQ
Snax254
♪『Twilight Sparkle』♪MLP
0
0
Comments
sign in to comment!
No comments posted yet!